 Dungeon Crawl Stone Soup version 0.32-a0-42-ga30500b4d3 (webtiles) character file.

Game seed: 11766671470424932011

39230 Atlas the Thaumaturge (level 13, -2/85 HPs)
             Began as a Demonspawn Earth Elementalist on Jan 31, 2024.
             Was a Priest of Vehumet.
             Slain by a skeletal warrior
             ... wielding a +0 battleaxe
              (20 damage)
             ... on level 13 of the Dungeon.
             The game lasted 00:30:03 (18966 turns).

Atlas the Thaumaturge (DsEE)                       Turns: 18966, Time: 00:30:04

Health: -2/85      AC: 15    Str: 13    XL:     13   Next: 68%
Magic:  6/31       EV: 13    Int: 20    God:    Vehumet [***...]
Gold:   1394       SH:  4    Dex: 14    Spells: 34/41 levels left

rFire   . . .        F - +1 war axe of Moablekk {speed, Str+4}
rCold   . . .        D - +0 buckler "Imuhuow" {rElec Stlth+}
rNeg    . . .        C - +0 acid dragon scales
rPois   .            (no helmet)
rElec   +            z - +0 cloak
rCorr   +            m - +0 pair of gloves
SInv    +            (no boots)
Will    .....        (no amulet)
Stlth   +++          x - ring of see invisible
HPRegen 0.34/turn    w - +4 ring of protection
MPRegen 0.22/turn

%: no passive effects
@: lethally poisoned (-2 -> -8)
A: icy blue scales 1, demonic guardian 1, ignite blood 2, demonic touch 1
a: Renounce Religion


You were on level 13 of the Dungeon.
You worshipped Vehumet.
Vehumet was most pleased with you.
You visited 2 branches of the dungeon, and saw 15 of its levels.
You also visited: Bailey.

You collected 1499 gold pieces.
You spent 105 gold pieces at shops.

Inventory:

Hand Weapons
 F - the +1 war axe of Moablekk (weapon) {speed, Str+4}
   (You found it on level 10 of the Dungeon)

   Str+4:     It affects your strength (+4).
Armour
 m - a +0 pair of gloves (worn)
 z - a +0 cloak (worn)
 C - +0 acid dragon scales (worn)
 D - the +0 buckler "Imuhuow" (worn) {rElec Stlth+}
   (You acquired it on level 8 of the Dungeon)

   rElec:     It insulates you from electricity.
   Stlth+:    It makes you more stealthy.
Jewellery
 c - a +5 ring of evasion
 w - a +4 ring of protection (right hand)
 x - a ring of see invisible (left hand)
Wands
 t - a wand of flame (11)
 I - a wand of charming (7)
 K - a wand of mindburst (2)
 M - a wand of polymorph (6)
Scrolls
 a - a scroll of summoning
 g - 2 scrolls of silence {unknown}
 j - 3 scrolls of teleportation
 k - 3 scrolls of fog
 p - a scroll of poison {unknown}
 u - 2 scrolls of enchant weapon
 y - 2 scrolls of amnesia {unknown}
 B - 2 scrolls of enchant armour
 E - 2 scrolls of noise {unknown}
 G - a scroll of revelation {unknown}
 J - a scroll of immolation {unknown}
 O - a scroll of vulnerability {unknown}
Potions
 b - 2 potions of ambrosia {unknown}
 d - a potion of brilliance
 e - a potion of haste {unknown}
 f - a potion of berserk rage
 h - 5 potions of curing
 i - 3 potions of enlightenment {unknown}
 l - 2 potions of mutation {unknown}
 n - a potion of lignification {unknown}
 o - 3 potions of attraction {unknown}
 q - a potion of might {unknown}
 r - 2 potions of invisibility {unknown}
 s - 3 potions of heal wounds {unknown}
 v - a potion of degeneration {unknown}
 A - 2 potions of cancellation {unknown}
 L - a potion of magic
Miscellaneous
 H - a condenser vane


   Skills:
 + Level 2.7 Fighting
 + Level 1.2(1.9) Axes
 + Level 2.0(2.2) Maces & Flails
 + Level 0.3(0.9) Polearms
 + Level 5.2 Armour
 + Level 5.9 Dodging
 - Level 2.0 Stealth
 + Level 1.5 Shields
 + Level 14.6 Spellcasting
 + Level 5.8 Conjurations
 + Level 13.1 Earth Magic
 + Level 0.4 Evocations


You had 34 spell levels left.
You knew the following spells:

 Your Spells              Type           Power      Damage    Failure   Level
a - Stone Arrow           Conj/Erth      100%       3d13      1%          3
b - Sandblast             Erth           100%       2d20      1%          1
c - Passwall              Erth           61%        N/A       1%          3

Your spell library contained the following spells:

 Spells                   Type           Power      Damage    Failure   Level
 Dazzling Flash           Conj/Hex       52%        N/A       2%          3
 Foxfire                  Conj/Fire      100%       2x1d9     1%          1
 Magic Dart               Conj           100%       1d8       1%          1
 Sting                    Conj/Alch      100%       1d9       1%          1
 Searing Ray              Conj           74%        2d7       1%          2
 Brom's Barrelling Bould  Conj/Erth      51%        2d7       1%          4
 Freeze                   Ice            56%        1d7       2%          1
 Hailstorm                Conj/Ice       26%        3d7       2%          3
 Mercury Vapours          Alch/Air       28%        N/A       3%          2
 Leda's Liquefaction      Alch/Erth      20%        N/A       6%          4
 Petrify                  Alch/Erth      40%        N/A       6%          4
 Frozen Ramparts          Ice            28%        1d5       7%          3
 Fulminant Prism          Conj/Alch      13%        3d8       7%          4
 Arcjolt                  Conj/Air       13%        1d23      19%         5
 Olgreb's Toxic Radiance  Alch           14%        N/A       21%         4
 Fugue of the Fallen      Necr           14%        N/A       26%         3
 Ozocubu's Armour         Ice            14%        N/A       26%         3
 Animate Dead             Necr           14%        N/A       63%         4
 Manifold Assault         Tloc           14%        N/A       63%         4
 Vhi's Electric Charge    Tloc/Air       28%        N/A       63%         4
 Starburst                Conj/Fire      13%        6d5       67%         6
 Metabolic Englaciation   Hex/Ice        7%         N/A       93%         5
 Plasma Beam              Fire/Air       7%         2x1d17    95%         6
 Haunt                    Necr/Summ      7%         N/A       100%        7
 Infestation              Necr           7%         N/A       100%        8
 Maxwell's Capacitive Co  Air            7%         ∞         100%        8


Dungeon Overview and Level Annotations

Branches:
Dungeon (14/15)            Temple (1/1) D:5            Lair (0/5) D:10
    Orc (0/2) D:9          Vaults (0/5) D:13         Bailey (visited)

Altars:
Ashenzari
Cheibriados
Dithmenos
Fedhas
Gozag
Hepliaklqana
Kikubaaqudgha
Makhleb
Nemelex Xobeh
Okawaru
Qazlal
Ru
Sif Muna
Trog
Uskayaw
Vehumet
Wu Jian
Xom
Yredelemnul

Shops:
D:3 [   D:8 *

Annotations:
D:9 1 runed translucent door, exclusion: orange crystal statue


Innate Abilities, Weirdness & Mutations

You are partially covered in icy blue scales. (AC +2)
A weak demonic guardian rushes to your aid.
Your demonic aura often causes spilled blood to erupt in flames.
Your touch may inflict minor irresistible damage on your foes.


Message History

Casting: Stone Arrow (safe; 1% risk of failure)
Confirm with . or Enter, or press ? or * to list all spells.
Aiming: Stone Arrow (safe; 1% risk of failure)
Press: ? - help, Shift-Dir - straight line, f/p - skeletal warrior
Aim: a skeletal warrior, wielding a +0 battleaxe (78% to hit)
The stone arrow hits the skeletal warrior!
You destroy the skeletal warrior!
Vehumet accepts your kill.
You feel your power returning.
You feel very sick.
Casting: Stone Arrow (safe; 1% risk of failure)
Confirm with . or Enter, or press ? or * to list all spells.
Aiming: Stone Arrow (safe; 1% risk of failure)
Press: ? - help, Shift-Dir - straight line, f/p - skeletal warrior
Aim: a skeletal warrior, wielding a +0 battleaxe (78% to hit)
The stone arrow hits the skeletal warrior!!
The skeletal warrior is moderately damaged.
You feel very sick. The skeletal warrior barely misses you.
Casting: Stone Arrow (safe; 1% risk of failure)
Confirm with . or Enter, or press ? or * to list all spells.
Aiming: Stone Arrow (safe; 1% risk of failure)
Press: ? - help, Shift-Dir - straight line, f/p - skeletal warrior
Aim: a skeletal warrior, wielding a +0 battleaxe (moderately damaged, 78% to hit)
The stone arrow misses the skeletal warrior.
You feel very sick.
The skeletal warrior hits you with a +0 battleaxe!
* * * LOW HITPOINT WARNING * * *
You feel sick.
Casting: Stone Arrow (safe; 1% risk of failure)
Confirm with . or Enter, or press ? or * to list all spells.
Aiming: Stone Arrow (safe; 1% risk of failure)
Press: ? - help, Shift-Dir - straight line, f/p - skeletal warrior
Aim: a skeletal warrior, wielding a +0 battleaxe (flame, moderately damaged, 78% to hit)
The stone arrow hits the skeletal warrior!
The skeletal warrior is heavily damaged.
You feel very sick.
The skeletal warrior is engulfed in blazing flames.
The skeletal warrior hits you with a +0 battleaxe!!
You die...

#.# #.####..##.####..
#.# #......^...#####.
#.# ######..#....# #)
#.# #..#.##.# #. ###.###
#..#.##.# #. #.....#
#....##.###. #.....#
#.##.#...##.
#.....#######...........
#......@z).).###.#...###
#...>.######.###.##.##
###.####.[.......##.#
#.# #(###........# #.#
#<# #####.#### #.# #)#
#.# #.####)#######.#
#............#.#######
######.#####..........


You could see a skeletal warrior.

Vanquished Creatures
  Erolcha (D:13)
  2 boulder beetles (D:13)
  3 centaur warriors (D:13)
  7 two-headed ogres
  An orc high priest (Bailey)
  2 tengu warriors (D:14)
  3 death yaks (D:10)
  5 skeletal warriors
  Lodul (D:14)
  Pikel (D:4)
  3 deep elf pyromancers (D:12)
  2 orc knights
  An ugly thing (D:13)
  2 manticores
  An orc sorcerer (Bailey)
  2 cyclopes (D:13)
  2 gargoyles
  3 unseen horrors
  A komodo dragon (D:11)
  Psyche (D:11)
  3 trolls
  A hornet (D:8)
  Grinder (D:4)
  2 vampires
  A basilisk (D:13)
  25 yaks
  A shadow (D:11)
  A wyvern (D:8)
  16 humans
  4 steam dragons (D:8)
  2 vampire mosquitoes (D:13)
  The ghost of knightboat the Changeling, an amateur DjSh (D:4)
  4 acid dragons
  2 water moccasins
  23 orc warriors
  3 black bears
  2 laughing skulls (D:13)
  11 ogres
  An ice beast (D:6)
  3 boggarts (D:10)
  3 lemures (D:4)
  2 phantoms
  13 centaurs
  4 kobold brigands
  2 scorpions
  7 bullfrogs
  17 wights
  13 killer bees (D:9)
  3 electric eels (Bailey)
  2 howler monkeys
  The ghost of Azoth the Magician, a weakling DEHW (D:3)
  6 hounds
  4 bombardier beetles
  2 jellies
  9 orc priests
  Crazy Yiuf (D:7)
  A sleepcap (D:4)
  Jessica (D:2)
  4 iguanas
  A hell rat (D:10)
  13 orc wizards
  10 adders
  5 gnolls
  2 river rats (D:10)
  4 ribbon worms
  2 dart slugs
  67 orcs
  4 endoplasms
  4 giant cockroaches
  12 goblins
  11 hobgoblins
  6 jackals
  18 kobolds
  5 quokkas
  6 ball pythons
  5 bats
  4 frilled lizards
  5 rats
430 creatures vanquished.

Vanquished Creatures (collateral kills)
  A yak (D:9)
  A centaur (D:5)
  2 orcs (D:6)
4 creatures vanquished.

Vanquished Creatures (others)
  An orc (D:8)
1 creature vanquished.

Grand Total: 435 creatures vanquished

Notes
Turn   | Place    | Note
-------+----------+-------------------------------------------
     0 | D:1      | Atlas the Demonspawn Earth Elementalist began the quest for
                  | the Orb.
     0 | D:1      | Reached XP level 1. HP: 13/13 MP: 3/3
   532 | D:1      | Gained mutation: Your demonic aura sometimes causes spilled
                  | blood to erupt in flames. [demonic ancestry]
   532 | D:1      | Reached XP level 2. HP: 19/19 MP: 1/5
   895 | D:2      | Reached XP level 3. HP: 7/24 MP: 0/6
  1159 | D:2      | Noticed Jessica
  1162 | D:2      | Killed Jessica
  1276 | D:2      | Reached XP level 4. HP: 30/30 MP: 6/8
  1280 | D:2      | Learned a level 3 spell: Stone Arrow
  1284 | D:2      | Learned a level 3 spell: Passwall
  1646 | D:3      | Found Ecenyici's Antique Armour Boutique.
  1654 | D:3      | Bought a glowing leather armour for 105 gold pieces
  1676 | D:3      | Reached skill level 3 in Spellcasting
  2008 | D:3      | Reached XP level 5. HP: 35/35 MP: 4/10
  2168 | D:3      | Found a runed translucent gate.
  2168 | D:3      | Found a runed translucent gate.
  2168 | D:3      | Found a runed translucent gate.
  2173 | D:3      | Noticed Azoth's ghost (weakling DEHW)
  2515 | D:3      | Killed Azoth's ghost
  2694 | D:4      | Noticed a lemure
  2694 | D:4      | Noticed a lemure
  2725 | D:4      | Killed a lemure
  2970 | D:4      | Reached skill level 4 in Spellcasting
  3052 | D:4      | Noticed an ogre
  3055 | D:4      | Killed an ogre
  3056 | D:4      | Reached XP level 6. HP: 41/41 MP: 5/12
  3256 | D:4      | Noticed Pikel
  3358 | D:4      | Killed Pikel
  3359 | D:4      | Reached skill level 1 in Maces & Flails
  3359 | D:4      | Reached skill level 1 in Armour
  3359 | D:4      | Reached skill level 5 in Spellcasting
  3359 | D:4      | Reached skill level 5 in Earth Magic
  3359 | D:4      | Gained mutation: You are partially covered in icy blue
                  | scales. (AC +2) [demonic ancestry]
  3359 | D:4      | Reached XP level 7. HP: 18/47 MP: 1/14
  3696 | D:4      | Found a runed translucent door.
  3696 | D:4      | Noticed knightboat's ghost (amateur DjSh)
  3716 | D:4      | Noticed Grinder
  3723 | D:4      | Killed Grinder
  3724 | D:4      | Reached skill level 1 in Fighting
  3724 | D:4      | Gained mutation: A weak demonic guardian rushes to your
                  | aid. [demonic ancestry]
  3724 | D:4      | Reached XP level 8. HP: 43/54 MP: 5/16
  4070 | D:4      | Killed knightboat's ghost
  4205 | D:5      | Entered Level 5 of the Dungeon
  4379 | D:5      | Reached skill level 6 in Spellcasting
  4500 | D:5      | Found a staircase to the Ecumenical Temple.
  5615 | D:6      | Reached skill level 7 in Spellcasting
  5714 | D:6      | Gained mutation: Your demonic aura often causes spilled
                  | blood to erupt in flames. [demonic ancestry]
  5714 | D:6      | Reached XP level 9. HP: 59/59 MP: 16/19
  6094 | D:6      | Reached skill level 8 in Spellcasting
  6610 | D:6      | Reached skill level 9 in Spellcasting
  6904 | D:7      | Reached XP level 10. HP: 39/66 MP: 18/23
  7260 | D:7      | Found a runed translucent door.
  7261 | D:7      | Noticed Crazy Yiuf
  7470 | D:7      | Killed Crazy Yiuf
  7626 | D:8      | Found a hide-covered altar of Uskayaw.
  7812 | D:8      | Found Feuta's Gadget Gallery.
  7882 | D:8      | Found an opulent altar of Gozag.
  8067 | D:8      | Found a flagged portal.
  8114 | Bailey   | Entered a bailey
  8678 | Bailey   | Noticed an orc high priest
  8681 | Bailey   | Killed an orc high priest
  8682 | Bailey   | Reached skill level 10 in Spellcasting
  8689 | Bailey   | Noticed an orc sorcerer
  8720 | Bailey   | Killed an orc sorcerer
  9167 | Bailey   | Found an iron altar of Okawaru.
  9792 | D:8      | Found a shimmering blue altar of Sif Muna.
  9792 | D:8      | Found a broken altar of Ashenzari.
 10185 | D:8      | Reached skill level 10 in Earth Magic
 10185 | D:8      | Reached XP level 11. HP: 50/72 MP: 20/25
 10188 | D:8      | Acquired the +0 buckler "Imuhuow" {rElec Stlth+}
 10683 | D:9      | Found a runed translucent door.
 10703 | D:9      | Reached skill level 11 in Spellcasting
 10765 | D:9      | Found a runed translucent door.
 10775 | D:9      | Found a staircase to the Orcish Mines.
 11104 | D:9      | Found a runed translucent door.
 11117 | D:9      | Found a runed translucent door.
 11621 | Temple   | Entered the Ecumenical Temple
 11630 | Temple   | Became a worshipper of Vehumet
 11932 | D:9      | Noticed an orange crystal statue
 12128 | D:9      | Noticed a brown ugly thing
 12485 | D:10     | Entered Level 10 of the Dungeon
 12647 | D:10     | Noticed a two-headed ogre
 12650 | D:10     | Found a staircase to the Lair.
 12650 | D:10     | Noticed a death yak
 12650 | D:10     | Noticed a death yak
 12650 | D:10     | Noticed a death yak
 12662 | D:10     | Killed a two-headed ogre
 12663 | D:10     | Reached skill level 5 in Dodging
 12671 | D:10     | Killed a death yak
 12818 | D:10     | Killed a death yak
 12892 | D:10     | Killed a death yak
 12893 | D:10     | Reached skill level 12 in Spellcasting
 13104 | D:10     | Identified the +1 war axe of Moablekk {speed, Str+4}
 13118 | D:10     | Reached * piety under Vehumet
 13118 | D:10     | Offered knowledge of Shock by Vehumet.
 13397 | D:10     | Noticed a two-headed ogre
 13403 | D:10     | Killed a two-headed ogre
 13404 | D:10     | Reached XP level 12. HP: 78/78 MP: 24/28
 13833 | D:11     | Noticed a two-headed ogre
 13859 | D:11     | Killed a two-headed ogre
 13860 | D:11     | Reached skill level 1 in Shields
 14528 | D:11     | Noticed Psyche
 14531 | D:11     | Killed Psyche
 14565 | D:11     | Noticed a two-headed ogre
 14569 | D:11     | Killed a two-headed ogre
 14570 | D:11     | Reached skill level 1 in Axes
 14874 | D:12     | Reached skill level 13 in Spellcasting
 15002 | D:12     | Offered knowledge of Foxfire by Vehumet.
 15150 | D:12     | Reached ** piety under Vehumet
 15943 | D:12     | Reached skill level 5 in Armour
 16138 | D:13     | Noticed a centaur warrior
 16150 | D:13     | Killed a centaur warrior
 16770 | D:13     | Noticed a boulder beetle
 16813 | D:13     | Reached skill level 5 in Conjurations
 16813 | D:13     | Gained mutation: Your touch may inflict minor irresistible
                  | damage on your foes. [demonic ancestry]
 16813 | D:13     | Reached XP level 13. HP: 85/85 MP: 25/30
 16861 | D:13     | Offered knowledge of Scorch by Vehumet.
 17015 | D:13     | Noticed Erolcha
 17184 | D:13     | Killed Erolcha
 17319 | D:13     | Reached *** piety under Vehumet
 17558 | D:13     | Reached skill level 14 in Spellcasting
 17835 | D:13     | Found a gate to the Vaults.
 17906 | D:13     | Offered knowledge of Dazzling Flash by Vehumet.
 18353 | D:14     | Noticed Lodul
 18363 | D:14     | Killed Lodul
 18966 | D:13     | Slain by a skeletal warrior

Illustrated notes

Levels and vault maps discovered:
D:1:      dpeg_arrival_radiant, layout_basic
D:2:      layout_rooms, uniq_jessica
D:3:      layout_basic, ebering_ghost_rock_garden, serial_shops, shop,
          minmay_misc_feat_doors
D:4:      layout_loops_ring, hellmonk_ghost_happy_afterlife, uniq_pikel,
          uniq_grinder
D:5:      layout_cave_pods, minmay_temple_entry_crystal_x
D:6:      layout_loops_ring, serial_glass, glass_columns_a, glass_columns_a,
          due_unseen_surprise
D:7:      layout_basic, uniq_crazy_yiuf_cottage
D:8:      minmay_octagon_keep, layout_loops_corners, nicolae_gozag_seed_capital,
          mainiacjoe_overflow_tiny_flanked, gammafunk_temple_overflow_elements,
          enter_bailey_8, roderic_lattice_a, nicolae_shop_gadgets
D:9:      layout_roguey, minmay_orc_entry_temple_small,
          minmay_statue_crystal_thing
D:10:     layout_roguey, dpeg_lair_monsters, nicolae_tricolors
D:11:     layout_irregular_city, minmay_misc_feat_room,
          david_defended_altar_orc, uniq_psyche
D:12:     layout_basic, special_room [special_room_orc]
D:13:     layout_loops_ring, david_vaults_3, minmay_misc_feat_diagonals,
          uniq_erolcha
D:14:     cheibrodos_fzero, layout_small_grid, nrook_mini_vaults,
          lightli_airlock, uniq_lodul, uniq_kirke
Temple:   nicolae_temple_two_arcs

Skill      XL: |  1  2  3  4  5  6  7  8  9 10 11 12 13 |
---------------+----------------------------------------+-----
Earth Magic    | 3 4 5 6 8 10 11 12 13 | 13.1
Dodging        | 2 3 4 5 |  5.9
Spellcasting   | 3 4 5 7 9 10 12 13 14 | 14.6
Stealth        | 2 |  2.0
Maces & Flails | 1 2 |  2.0
Armour         | 1 2 3 4 5 |  5.2
Fighting       | 1 2 |  2.7
Conjurations   | 2 5 |  5.8
Shields        | 1 |  1.5
Axes           | 1 |  1.2
Polearms       | |  0.3
Evocations     | |  0.4

Action                     |  1- 3 |  4- 6 |  7- 9 | 10-12 | 13-15 || total
---------------------------+-------+-------+-------+-------+-------++-------
  Melee: Staff             |    13 |       |       |       |       ||    13
         Unarmed           |    19 |       |       |       |       ||    19
         Whip              |       |    51 |     9 |       |       ||    60
         Punch             |       |     1 |       |       |       ||     1
         Spear             |       |       |       |     9 |       ||     9
         War axe           |       |       |       |    20 |     1 ||    21
   Cast: Sandblast         |    38 |    76 |   171 |   388 |    73 ||   746
         Stone Arrow       |       |     4 |    10 |   154 |    81 ||   249
         Passwall          |       |       |     2 |       |       ||     2
  Evoke: Wand              |       |       |       |     3 |       ||     3
         Condenser vane    |       |       |       |     1 |       ||     1
    Use: Potion            |     1 |       |       |     3 |     1 ||     5
         Scroll            |       |       |     3 |     6 |     1 ||    10
 Armour: Robe              |    20 |     1 |       |       |       ||    21
         Leather armour    |       |    41 |    84 |    29 |       ||   154
         Ring mail         |       |       |       |    95 |       ||    95
         Acid dragon scale |       |       |       |   113 |    65 ||   178
  Dodge: Dodged            |    72 |    74 |   145 |   306 |    63 ||   660
  Block: Buckler           |       |       |       |    51 |    14 ||    65

Table legend: (Time is in decaauts)
 A = Elapsed time spent in this place.
 B = Non-inter-level travel time spent in this place.
 C = Inter-level travel time spent in this place.
 D = Time resting spent in this place.
 E = Time spent auto-exploring this place.
 F = Levels seen in this place.
 G = Mean time per level.
                   A        B        C        D        E       F      G
               +--------+--------+--------+--------+--------+-----+--------+
         Total |  19386 |  18623 |    763 |   2182 |  12877 |  16 | 1211.6 |
       Dungeon |  17958 |  17213 |    745 |   1957 |  12075 |  14 | 1282.7 |
        Temple |     18 |      1 |     17 |      0 |      0 |   1 |   18.0 |
        Bailey |   1408 |   1408 |      0 |    225 |    801 |   1 | 1408.0 |
               +--------+--------+--------+--------+--------+-----+--------+

Top non-repeatable levels by time:
    D:13: 1911 daAuts
     D:8: 1888 daAuts
    D:11: 1738 daAuts
    D:12: 1628 daAuts
     D:4: 1614 daAuts
     D:9: 1586 daAuts
  Bailey: 1408 daAuts
     D:6: 1350 daAuts
     D:5: 1347 daAuts
     D:3: 1082 daAuts
    D:10: 969 daAuts
     D:7: 920 daAuts
     D:1: 918 daAuts
     D:2: 655 daAuts
    D:14: 345 daAuts
